Sound Tigers vs Devils
(R1)
Created - January 22, 2022 at 23:30
Goals
|
Sound Tigers |
2 |
2 |
2 |
6 |
Devils |
1 |
2 |
1 |
4 |
|
Shots
|
Sound Tigers |
11 |
11 |
9 |
31 |
Devils |
11 |
15 |
15 |
41 |
|
1st period
1. Sound Tigers , Rhett Gardner 3 (Slater Koekkoek 4, James Livingstone 9) at 12:26
2. Devils , Jonny Brodzinski 3 (Dalton Thrower 5) at 13:33
3. Sound Tigers , James Sheppard 10 (Borna Rendulic 8, Dylan McIlrath 10) at 13:43
Penalties :
Reid Boucher (Bin) for Interference (Minor) at 17:29
2nd period
4. Sound Tigers , Ryan Bourque 8 (James Sheppard 12, Slater Koekkoek 5) at 1:41
5. Devils , Alan Quine 5 (Logan Shaw 19, Darren Dietz 7) at 16:30 (SH)
6. Sound Tigers , Brad Ross 3 (Josh Archibald 1) at 18:24
7. Devils , Logan Shaw 16 (Sam Bennett 21, Darren Dietz 8) at 18:36
Penalties :
Borna Rendulic (BRI) for High sticking (Minor) at 12:33, Joonas Donskoi (Bin) for Roughing (Minor) at 15:46
3rd period
8. Devils , Sam Bennett 10 (Logan Shaw 20, Christian Wolanin 2) at 16:24
9. Sound Tigers , Scott Glennie 5 (Pavel Kraskovsky 9) at 16:37
10. Sound Tigers , Julian Melchiori 3 (Ryan Bourque 12, Borna Rendulic 9) at 19:23 (Empty Net)
Penalties :
Juuse Saros (Bin) for Slashing (Minor) at 5:00 - Alan Quine served the penalty
Goalie Stats
Pavel Francouz (BRI), 37 saves from 41 shots - (0.902), W, 9-6-2, 60:00 minutes
Juuse Saros (Bin), 25 saves from 30 shots - (0.833), L, 0-5-0, 59:31 minutes
Players Stats for Sound Tigers
Player Name G A P +/- PIM S H SB GA TA FO MP PP MP PK MP
------------------------------------------------------------------------------------
Alexander Yelesin 0 0 0 0 0 1 1 2 1 1 0/0 12:54 0:00 0:00
Ben Johnson 0 0 0 0 0 0 0 0 1 0 1/2 9:06 0:00 0:23
Blake Speers 0 0 0 0 0 0 0 0 0 0 0/0 0:35 0:00 0:35
Borna Rendulic 0 2 2 0 2 3 1 1 0 0 4/5 20:52 3:29 0:00
Brad Ross 1 0 1 0 0 1 2 0 0 0 0/0 8:50 0:00 0:11
Brandon Gignac 0 0 0 0 0 0 0 0 0 0 0/0 0:00 0:00 0:00
Casey Staum 0 0 0 0 0 0 0 2 0 0 0/0 12:54 0:00 0:00
Dylan McIlrath 0 1 1 0 0 2 0 0 1 0 0/0 27:49 4:10 1:10
Gabriel Carlsson 0 0 0 2 0 0 1 2 1 0 0/0 19:17 1:47 0:49
Garret Pilon 0 0 0 0 0 0 0 0 0 0 0/0 0:00 0:00 0:00
Garret Ross 0 0 0 1 0 6 4 1 0 0 0/0 18:06 2:28 1:06
James Livingstone 0 1 1 1 0 3 0 1 0 0 0/0 17:25 2:28 0:29
James Sheppard 1 1 2 0 0 3 2 0 0 0 2/2 22:03 3:29 1:14
Josh Archibald 0 1 1 0 0 0 0 0 0 0 0/1 8:39 0:00 0:00
Julian Melchiori 1 0 1 0 0 5 2 0 0 2 0/0 27:49 4:10 1:10
Pavel Kraskovsky 0 1 1 1 0 1 1 0 0 0 5/8 11:33 0:00 0:00
Rhett Gardner 1 0 1 1 0 1 6 1 0 1 6/15 16:56 2:28 0:00
Ryan Bourque 1 1 2 0 0 4 1 1 0 1 10/34 20:49 3:29 0:00
Scott Glennie 1 0 1 1 0 1 1 1 0 0 0/0 11:33 0:00 0:00
Slater Koekkoek 0 2 2 2 0 0 2 0 1 1 0/0 19:17 1:47 0:49
Tyrell Goulbourne 0 0 0 1 0 0 1 0 0 0 0/0 11:33 0:00 0:00
Players Stats for Devils
Player Name G A P +/- PIM S H SB GA TA FO MP PP MP PK MP
------------------------------------------------------------------------------------
Alan Quine 1 0 1 0 0 3 0 0 0 0 8/12 17:02 0:45 1:04
Ben Hutton 0 0 0 -6 0 2 1 2 1 1 0/0 26:22 1:07 3:31
Brandon Carlo 0 0 0 -6 0 1 1 2 0 0 0/0 26:22 1:07 3:31
Brett Howden 0 0 0 1 0 1 0 0 0 0 3/3 7:47 0:00 0:00
Brett Seney 0 0 0 -1 0 2 1 1 0 1 0/0 11:53 0:00 0:06
Christian Wolanin 0 1 1 2 0 0 0 3 0 0 0/0 10:41 0:52 0:00
Conor Garland 0 0 0 -1 0 0 0 0 0 0 0/0 11:43 0:00 0:00
Dalton Thrower 0 1 1 2 0 1 0 0 0 1 0/0 17:47 0:00 2:26
Darren Dietz 0 2 2 2 0 1 0 2 1 1 0/0 18:59 0:52 2:26
Ilya Lyubushkin 0 0 0 2 0 1 1 1 0 0 0/0 9:29 0:00 0:00
Jake Bean 0 0 0 0 0 0 0 1 0 0 0/0 5:10 0:00 0:00
Jonny Brodzinski 1 0 1 1 0 3 0 0 0 0 0/0 7:47 0:00 0:00
Joonas Donskoi 0 0 0 -1 2 3 0 0 1 0 1/1 15:35 0:45 0:00
Logan Shaw 1 2 3 -1 0 7 1 0 0 0 0/3 20:39 1:14 1:46
Mason Marchment 0 0 0 1 0 0 1 0 0 1 0/0 7:47 0:00 0:00
Reid Boucher 0 0 0 -1 2 4 1 0 0 0 5/8 12:07 0:00 0:21
Robbie Russo 0 0 0 0 0 0 1 0 0 0 0/0 5:10 0:00 0:00
Sam Bennett 1 1 2 -2 0 5 3 1 2 0 19/37 22:05 1:14 3:34
Sven Baertschi 0 0 0 -2 0 6 0 1 1 0 3/3 22:28 1:14 3:57
Valeri Nichushkin 0 0 0 -1 0 1 1 0 0 0 0/0 17:08 0:45 1:06
3 Stars
1 - Rhett Gardner (BRI)
2 - Slater Koekkoek (BRI)
3 - James Sheppard (BRI)
Power Play
Sound Tigers - 0 on 3 Attempt(s) - 0.00%
Devils - 0 on 1 Attempt(s) - 0.00%
Penalty Kill
Sound Tigers - 1 on 1 Attempt(s) - 100.00%
- Score 0 goal in Penalty Kill
Devils - 3 on 3 Attempt(s) - 100.00%
- Score 1 goal in Penalty Kill
Team Stat
Sound Tigers - Hits : 25 - Faceoff Wins : 28 - Blocked Shots : 12 - Penalty Minutes : 2
Devils - Hits : 12 - Faceoff Wins : 39 - Blocked Shots : 14 - Penalty Minutes : 6
Official
Referees : Tom Chmielewski and Dan Kelly
Linesman : David Brisebois and Greg Devorski
Game Notes
7:01 of 2nd period - Sound Tigers goal is going for a video replay. After video review, No Goal. The puck has been kicked using a distinct kicking motion.
Julian Melchiori has scored in a empty net!
Finance
Level 1 -- Attendance: 1719 (85.95%) -- Ticket Income $60,165
Level 2 -- Attendance: 926 (92.60%) -- Ticket Income $13,890
Total Attendance: 2645 (88.17%)
Total Ticket Income: $74,055
Other Income: $3,703
Total Income: $77,758
Sound Tigers
5 vs 5 Forward
Center Left Wing Right Wing Time % Phy DF OF
1 Ryan Bourque James Sheppard Borna Rendulic 40 1 2 2
2 Rhett Gardner Garret Ross James Livingstone 30 1 2 2
3 Pavel Kraskovsky Tyrell Goulbourne Scott Glennie 20 1 2 2
4 Ben Johnson Brad Ross Josh Archibald 10 1 2 2
5 vs 5 Defense
Defense Defense Time % Phy DF OF
1 Dylan McIlrath Julian Melchiori 40 1 2 2
2 Slater Koekkoek Gabriel Carlsson 30 1 2 2
3 Alexander Yelesin Casey Staum 20 1 2 2
4 Dylan McIlrath Julian Melchiori 10 1 2 2
PowerPlay Forward
Center Left Wing Right Wing Time % Phy DF OF
1 Ryan Bourque James Sheppard Borna Rendulic 60 1 2 2
2 Rhett Gardner Garret Ross James Livingstone 40 1 2 2
PowerPlay Defense
Defense Defense Time % Phy DF OF
1 Dylan McIlrath Julian Melchiori 60 1 2 2
2 Slater Koekkoek Gabriel Carlsson 40 1 2 2
Penalty Kill 4 Players Forward
Center Wing Time % Phy DF OF
1 James Sheppard Garret Ross 60 1 2 2
2 Borna Rendulic James Livingstone 40 1 2 2
Penalty Kill 4 Players Defense
Defense Defense Time % Phy DF OF
1 Dylan McIlrath Julian Melchiori 60 1 2 2
2 Slater Koekkoek Gabriel Carlsson 40 1 2 2
Penalty Kill - 3 Players Forward
Forward Time % Phy DF OF
1 James Sheppard 60 1 2 2
2 Garret Ross 40 1 2 2
Penalty Kill - 3 Players Defense
Defense Defense Time % Phy DF OF
1 Dylan McIlrath Julian Melchiori 60 1 2 2
2 Slater Koekkoek Gabriel Carlsson 40 1 2 2
4 vs 4 Forward
Center Wing Time % Phy DF OF
1 James Sheppard Garret Ross 60 1 2 2
2 Borna Rendulic James Livingstone 40 1 2 2
4 vs 4 Defense
Defense Defense Time % Phy DF OF
1 Dylan McIlrath Julian Melchiori 60 1 2 2
2 Slater Koekkoek Gabriel Carlsson 40 1 2 2
Last Minutes Offensive
Center Left Wing Right Wing Defense Defense
Ryan Bourque James Sheppard Borna Rendulic Dylan McIlrath Julian Melchiori
Last Minutes Defensive
Center Left Wing Right Wing Defense Defense
Ryan Bourque James Sheppard Borna Rendulic Dylan McIlrath Julian Melchiori
Goaltenders
Starting : Pavel Francouz
Backup : Sean Maguire
Extra Forwards
Normal : Garret Pilon, Brandon Gignac, Blake Speers - PP : Garret Pilon, Brandon Gignac - PK : Blake Speers
Extra Defensemen
Normal : Alexander Yelesin, Casey Staum, Slater Koekkoek - PP : Alexander Yelesin - PK : Casey Staum, Slater Koekkoek
Penalty Shots
James Sheppard, Garret Ross, Borna Rendulic, James Livingstone, Ryan Bourque
Scratches
Ben Thomson (Left Hand Injury), David Broll (Healthy), Joe Labate (Healthy), Chris Driedger (Healthy)
Devils
5 vs 5 Forward
Center Left Wing Right Wing Time % Phy DF OF
1 Sam Bennett Sven Baertschi Logan Shaw 40 0 2 3
2 Alan Quine Valeri Nichushkin Joonas Donskoi 30 0 2 3
3 Reid Boucher Brett Seney Conor Garland 20 0 2 3
4 Brett Howden Mason Marchment Jonny Brodzinski 10 0 2 3
5 vs 5 Defense
Defense Defense Time % Phy DF OF
1 Brandon Carlo Ben Hutton 40 0 3 2
2 Darren Dietz Dalton Thrower 30 0 3 2
3 Ilya Lyubushkin Christian Wolanin 20 0 3 2
4 Robbie Russo Jake Bean 10 0 3 2
PowerPlay Forward
Center Left Wing Right Wing Time % Phy DF OF
1 Sam Bennett Sven Baertschi Logan Shaw 60 0 1 4
2 Alan Quine Valeri Nichushkin Joonas Donskoi 40 0 1 4
PowerPlay Defense
Defense Defense Time % Phy DF OF
1 Brandon Carlo Ben Hutton 60 0 2 3
2 Darren Dietz Christian Wolanin 40 0 2 3
Penalty Kill 4 Players Forward
Center Wing Time % Phy DF OF
1 Sam Bennett Sven Baertschi 60 1 4 0
2 Alan Quine Logan Shaw 40 1 4 0
Penalty Kill 4 Players Defense
Defense Defense Time % Phy DF OF
1 Brandon Carlo Ben Hutton 60 1 4 0
2 Darren Dietz Dalton Thrower 40 1 4 0
Penalty Kill - 3 Players Forward
Forward Time % Phy DF OF
1 Sam Bennett 60 1 3 1
2 Alan Quine 40 1 3 1
Penalty Kill - 3 Players Defense
Defense Defense Time % Phy DF OF
1 Brandon Carlo Ben Hutton 60 1 4 0
2 Darren Dietz Dalton Thrower 40 1 4 0
4 vs 4 Forward
Center Wing Time % Phy DF OF
1 Sam Bennett Sven Baertschi 60 0 2 3
2 Alan Quine Valeri Nichushkin 40 0 2 3
4 vs 4 Defense
Defense Defense Time % Phy DF OF
1 Brandon Carlo Ben Hutton 60 0 3 2
2 Darren Dietz Dalton Thrower 40 0 3 2
Last Minutes Offensive
Center Left Wing Right Wing Defense Defense
Sam Bennett Sven Baertschi Logan Shaw Brandon Carlo Ben Hutton
Last Minutes Defensive
Center Left Wing Right Wing Defense Defense
Sam Bennett Sven Baertschi Logan Shaw Brandon Carlo Ben Hutton
Goaltenders
Starting : Juuse Saros
Backup : Calvin Pickard
Extra Forwards
Normal : Valeri Nichushkin, Alan Quine, Reid Boucher - PP : Valeri Nichushkin, Alan Quine - PK : Valeri Nichushkin
Extra Defensemen
Normal : Robbie Russo, Christian Wolanin, Jake Bean - PP : Robbie Russo - PK : Robbie Russo, Christian Wolanin
Penalty Shots
Logan Shaw, Sven Baertschi, Sam Bennett, Joonas Donskoi, Valeri Nichushkin
Scratches
Cristiano Digiacinto (Healthy), Vincent Desharnais (Healthy)
% Time on Ice - Sound Tigers
Lines # - Real PCT - Wanted PCT - Time Play
Normal Forward
1 - 33% - 40% - 16:48
2 - 28% - 30% - 14:28
3 - 22% - 20% - 11:33
4 - 17% - 10% - 8:39
Normal Defense
1 - 38% - 40% - 19:48
2 - 32% - 30% - 16:41
3 - 25% - 20% - 12:54
4 - 4% - 10% - 2:05
PP Forward
1 - 59% - 60% - 3:29
2 - 41% - 40% - 2:28
PP Defense
1 - 70% - 60% - 4:10
2 - 30% - 40% - 1:47
PK Forward
1 - 76% - 60% - 1:30
2 - 24% - 40% - 0:29
PK Defense
1 - 59% - 60% - 1:10
2 - 41% - 40% - 0:49
PK3 Forward
1 - 0% - 60%
2 - 0% - 40%
PK3 Defense
1 - 0% - 60%
2 - 0% - 40%
44 Forward
1 - 0% - 60%
2 - 0% - 40%
44 Defense
1 - 0% - 60%
2 - 0% - 40%
Last Minute Offensive - 0:00
Last Minute Defensive - 0:36
Total
Forward - 60:00
Defense - 60:00
|
% Time on Ice - Devils
Lines # - Real PCT - Wanted PCT - Time Play
Normal Forward
1 - 33% - 40% - 16:48
2 - 30% - 30% - 15:13
3 - 23% - 20% - 11:43
4 - 15% - 10% - 7:47
Normal Defense
1 - 41% - 40% - 21:11
2 - 30% - 30% - 15:41
3 - 18% - 20% - 9:29
4 - 10% - 10% - 5:10
PP Forward
1 - 62% - 60% - 1:14
2 - 38% - 40% - 0:45
PP Defense
1 - 56% - 60% - 1:07
2 - 44% - 40% - 0:52
PK Forward
1 - 70% - 60% - 4:11
2 - 30% - 40% - 1:46
PK Defense
1 - 59% - 60% - 3:31
2 - 41% - 40% - 2:26
PK3 Forward
1 - 0% - 60%
2 - 0% - 40%
PK3 Defense
1 - 0% - 60%
2 - 0% - 40%
44 Forward
1 - 0% - 60%
2 - 0% - 40%
44 Defense
1 - 0% - 60%
2 - 0% - 40%
Last Minute Offensive - 0:33
Last Minute Defensive - 0:00
Total
Forward - 60:00
Defense - 60:00
|
Play-by-Play
1st period
0:01 of 1st period - Borna Rendulic wins face-off versus Logan Shaw in neutral zone.
0:36 of 1st period - Snap shot by Valeri Nichushkin.
0:36 of 1st period - Shot Blocked by James Livingstone.
1:16 of 1st period - Wrist shot by Brad Ross.
1:16 of 1st period - Deflect By Ben Johnson.
1:16 of 1st period - Shot Blocked by Darren Dietz.
1:16 of 1st period - Puck is out of play.
1:17 of 1st period - Sam Bennett wins face-off versus Ryan Bourque in Devils zone.
1:44 of 1st period - Alan Quine is hit by Alexander Yelesin and loses puck.
1:55 of 1st period - Wrist shot by Garret Ross.
1:55 of 1st period - Shot Blocked by Christian Wolanin.
2:09 of 1st period - Brandon Carlo is hit by Gabriel Carlsson and loses puck.
2:18 of 1st period - Wrist shot by Pavel Kraskovsky.
2:18 of 1st period - Shot Misses the Net.
2:50 of 1st period - Wrist shot by Sven Baertschi.
2:50 of 1st period - Stopped by Pavel Francouz with a rebound.
3:15 of 1st period - Wrist shot by James Livingstone.
3:15 of 1st period - Stopped by Juuse Saros without a rebound.
3:16 of 1st period - Alan Quine wins face-off versus Pavel Kraskovsky in Devils zone.
3:35 of 1st period - Snap shot by Joonas Donskoi.
3:35 of 1st period - Shot Blocked by Scott Glennie.
3:59 of 1st period - Snap shot by Pavel Kraskovsky.
3:59 of 1st period - Shot Misses the Net.
4:55 of 1st period - Snap shot by Joonas Donskoi.
4:55 of 1st period - Stopped by Pavel Francouz without a rebound.
4:56 of 1st period - Ryan Bourque wins face-off versus Sam Bennett in Sound Tigers zone.
5:53 of 1st period - Slapshot by Dylan McIlrath.
5:53 of 1st period - Stopped by Juuse Saros with a rebound.
6:09 of 1st period - Slapshot by Logan Shaw.
6:09 of 1st period - Shot Blocked by Borna Rendulic.
6:17 of 1st period - Snap shot by Sven Baertschi.
6:17 of 1st period - Shot Misses the Net.
6:27 of 1st period - Wrist shot by Brett Seney.
6:27 of 1st period - Shot Misses the Net.
6:29 of 1st period - Wrist shot by Brett Seney.
6:29 of 1st period - Shot Blocked by Casey Staum.
7:05 of 1st period - Snap shot by Reid Boucher.
7:05 of 1st period - Stopped by Pavel Francouz without a rebound.
7:06 of 1st period - Sam Bennett wins face-off versus Rhett Gardner in Sound Tigers zone.
7:15 of 1st period - Logan Shaw is hit by Garret Ross and loses puck.
7:31 of 1st period - Icing by Julian Melchiori.
7:32 of 1st period - Reid Boucher wins face-off versus Ben Johnson in Sound Tigers zone.
9:18 of 1st period - Brett Seney is hit by Brad Ross and loses puck.
10:11 of 1st period - Wrist shot by Scott Glennie.
10:11 of 1st period - Shot Blocked by Sven Baertschi.
10:13 of 1st period - Slapshot by Julian Melchiori.
10:13 of 1st period - Stopped by Juuse Saros with a rebound.
10:25 of 1st period - Wrist shot by James Sheppard.
10:25 of 1st period - Shot Misses the Net.
10:27 of 1st period - Snap shot by Borna Rendulic.
10:27 of 1st period - Stopped by Juuse Saros with a rebound.
10:45 of 1st period - Slapshot by Brad Ross.
10:45 of 1st period - Shot Blocked by Christian Wolanin.
10:50 of 1st period - Off-side.
10:51 of 1st period - Rhett Gardner wins face-off versus Sam Bennett in neutral zone.
11:02 of 1st period - James Livingstone is hit by Sam Bennett and loses puck.
11:09 of 1st period - Robbie Russo is hit by Rhett Gardner and loses puck.
11:30 of 1st period - Snap shot by Ryan Bourque.
11:30 of 1st period - Stopped by Juuse Saros without a rebound.
11:31 of 1st period - Pavel Kraskovsky wins face-off versus Reid Boucher in Devils zone.
12:04 of 1st period - Wrist shot by Logan Shaw.
12:04 of 1st period - Stopped by Pavel Francouz with a rebound.
12:06 of 1st period - Snap shot by Sam Bennett.
12:06 of 1st period - Shot Misses the Net.
12:20 of 1st period - Snap shot by Rhett Gardner.
12:20 of 1st period - Shot Blocked by Ben Hutton.
12:22 of 1st period - Wrist shot by James Livingstone.
12:22 of 1st period - Shot Misses the Net.
12:24 of 1st period - Wrist shot by Slater Koekkoek.
12:24 of 1st period - Shot Misses the Net.
12:26 of 1st period - Wrist shot by Rhett Gardner.
12:26 of 1st period - Goal by Rhett Gardner - Sound Tigers : 1 - Devils : 0.
12:27 of 1st period - Sam Bennett wins face-off versus Ryan Bourque in neutral zone.
12:54 of 1st period - Valeri Nichushkin is hit by Rhett Gardner.
13:33 of 1st period - Snap shot by Jonny Brodzinski.
13:33 of 1st period - Goal by Jonny Brodzinski - Sound Tigers : 1 - Devils : 1.
13:34 of 1st period - Ryan Bourque wins face-off versus Sam Bennett in neutral zone.
13:37 of 1st period - Snap shot by James Sheppard.
13:37 of 1st period - Stopped by Juuse Saros with a rebound.
13:39 of 1st period - Slapshot by Dylan McIlrath.
13:39 of 1st period - Shot Blocked by Brandon Carlo.
13:41 of 1st period - Snap shot by Borna Rendulic.
13:41 of 1st period - Shot Misses the Net.
13:43 of 1st period - Snap shot by James Sheppard.
13:43 of 1st period - Goal by James Sheppard - Sound Tigers : 2 - Devils : 1.
13:44 of 1st period - Sam Bennett wins face-off versus Ryan Bourque in neutral zone.
13:49 of 1st period - Slapshot by Logan Shaw.
13:49 of 1st period - Stopped by Pavel Francouz without a rebound.
13:50 of 1st period - Sam Bennett wins face-off versus Ryan Bourque in Sound Tigers zone.
14:31 of 1st period - Snap shot by Sven Baertschi.
14:31 of 1st period - Shot Misses the Net.
14:35 of 1st period - Slapshot by Logan Shaw.
14:35 of 1st period - Stopped by Pavel Francouz with a rebound.
14:37 of 1st period - Slapshot by Dalton Thrower.
14:37 of 1st period - Shot Misses the Net.
14:39 of 1st period - Slapshot by Dalton Thrower.
14:39 of 1st period - Stopped by Pavel Francouz with a rebound.
14:41 of 1st period - Wrist shot by Sam Bennett.
14:41 of 1st period - Stopped by Pavel Francouz without a rebound.
14:42 of 1st period - Alan Quine wins face-off versus Rhett Gardner in Sound Tigers zone.
14:43 of 1st period - Wrist shot by Valeri Nichushkin.
14:43 of 1st period - Shot Blocked by Gabriel Carlsson.
14:51 of 1st period - Ben Hutton is hit by Rhett Gardner and loses puck.
15:47 of 1st period - Wrist shot by Alan Quine.
15:47 of 1st period - Shot Blocked by Rhett Gardner.
16:03 of 1st period - Snap shot by Sven Baertschi.
16:03 of 1st period - Stopped by Pavel Francouz without a rebound.
16:04 of 1st period - Sam Bennett wins face-off versus Ryan Bourque in Sound Tigers zone.
16:31 of 1st period - Snap shot by James Livingstone.
16:31 of 1st period - Shot Misses the Net.
16:33 of 1st period - Slapshot by Julian Melchiori.
16:33 of 1st period - Deflect By Garret Ross.
16:33 of 1st period - Shot Blocked by Jake Bean.
16:33 of 1st period - Puck is out of play.
16:34 of 1st period - Alan Quine wins face-off versus Rhett Gardner in Devils zone.
16:34 of 1st period - Alan Quine is hit by Rhett Gardner.
17:10 of 1st period - Slapshot by Ben Hutton.
17:10 of 1st period - Stopped by Pavel Francouz without a rebound.
17:11 of 1st period - Ryan Bourque wins face-off versus Reid Boucher in Sound Tigers zone.
17:29 of 1st period - Minor Penalty to Reid Boucher for Interference.
17:30 of 1st period - Sven Baertschi wins face-off versus Borna Rendulic in Devils zone.
18:00 of 1st period - Snap shot by Garret Ross.
18:00 of 1st period - Stopped by Juuse Saros with a rebound.
18:02 of 1st period - Wrist shot by Rhett Gardner.
18:02 of 1st period - Shot Misses the Net.
18:04 of 1st period - Slapshot by Garret Ross.
18:04 of 1st period - Stopped by Juuse Saros without a rebound.
18:05 of 1st period - Ryan Bourque wins face-off versus Sam Bennett in Devils zone.
18:40 of 1st period - Slapshot by James Livingstone.
18:40 of 1st period - Stopped by Juuse Saros without a rebound.
18:41 of 1st period - Sam Bennett wins face-off versus Ryan Bourque in Devils zone.
19:29 of 1st period - Penalty to Reid Boucher is over, Reid Boucher is back on ice.
Goals for this period are 2 for Sound Tigers vs 1 for Devils.
Shots for this period are 11 for Sound Tigers vs 11 for Devils.
2nd period
0:01 of 2nd period - Ryan Bourque wins face-off versus Sam Bennett in neutral zone.
0:25 of 2nd period - Rhett Gardner is hit by Brandon Carlo.
1:07 of 2nd period - Wrist shot by Jonny Brodzinski.
1:07 of 2nd period - Shot Misses the Net.
1:09 of 2nd period - Wrist shot by Darren Dietz.
1:09 of 2nd period - Deflect By Mason Marchment.
1:09 of 2nd period - Shot Misses the Net.
1:09 of 2nd period - Puck is out of play.
1:10 of 2nd period - Brett Howden wins face-off versus Ryan Bourque in Sound Tigers zone.
1:13 of 2nd period - Wrist shot by Jonny Brodzinski.
1:13 of 2nd period - Stopped by Pavel Francouz without a rebound.
1:14 of 2nd period - Sam Bennett wins face-off versus Ryan Bourque in Sound Tigers zone.
1:15 of 2nd period - Snap shot by Logan Shaw.
1:15 of 2nd period - Shot Misses the Net.
1:18 of 2nd period - Icing by Ryan Bourque.
1:19 of 2nd period - Sam Bennett wins face-off versus Ryan Bourque in Sound Tigers zone.
1:34 of 2nd period - Logan Shaw is hit by Borna Rendulic and loses puck.
1:41 of 2nd period - Snap shot by Ryan Bourque.
1:41 of 2nd period - Goal by Ryan Bourque - Sound Tigers : 3 - Devils : 1.
1:42 of 2nd period - Sam Bennett wins face-off versus Ryan Bourque in neutral zone.
3:13 of 2nd period - Icing by James Sheppard.
3:14 of 2nd period - Reid Boucher wins face-off versus Ryan Bourque in Sound Tigers zone.
3:23 of 2nd period - Slapshot by Reid Boucher.
3:23 of 2nd period - Shot Misses the Net.
3:25 of 2nd period - Slapshot by Ilya Lyubushkin.
3:25 of 2nd period - Stopped by Pavel Francouz with a rebound.
3:27 of 2nd period - Snap shot by Reid Boucher.
3:27 of 2nd period - Stopped by Pavel Francouz without a rebound.
3:28 of 2nd period - Rhett Gardner wins face-off versus Sam Bennett in Sound Tigers zone.
3:30 of 2nd period - Garret Ross is hit by Logan Shaw and loses puck.
3:37 of 2nd period - Wrist shot by Alexander Yelesin.
3:37 of 2nd period - Stopped by Juuse Saros without a rebound.
3:38 of 2nd period - Sam Bennett wins face-off versus Rhett Gardner in Devils zone.
3:38 of 2nd period - Sam Bennett is hit by Rhett Gardner.
3:44 of 2nd period - Garret Ross is hit by Sam Bennett and loses puck.
3:53 of 2nd period - Snap shot by James Livingstone.
3:53 of 2nd period - Stopped by Juuse Saros without a rebound.
3:54 of 2nd period - Alan Quine wins face-off versus Ryan Bourque in Devils zone.
3:58 of 2nd period - Off-side.
3:59 of 2nd period - Alan Quine wins face-off versus Ryan Bourque in neutral zone.
4:10 of 2nd period - Snap shot by Alan Quine.
4:10 of 2nd period - Shot Hit the Post.
5:08 of 2nd period - Backhand shot by Joonas Donskoi.
5:08 of 2nd period - Stopped by Pavel Francouz with a rebound.
5:50 of 2nd period - Rhett Gardner is hit by Mason Marchment.
6:10 of 2nd period - Ben Johnson is hit by Ilya Lyubushkin.
6:52 of 2nd period - Slapshot by Logan Shaw.
6:52 of 2nd period - Stopped by Pavel Francouz without a rebound.
6:53 of 2nd period - Ryan Bourque wins face-off versus Sam Bennett in Sound Tigers zone.
6:53 of 2nd period - Ryan Bourque is hit by Sam Bennett.
6:59 of 2nd period - Wrist shot by Borna Rendulic.
6:59 of 2nd period - Stopped by Juuse Saros with a rebound.
7:01 of 2nd period - Wrist shot by James Sheppard.
7:01 of 2nd period - Deflect By Ryan Bourque.
7:01 of 2nd period - Sound Tigers goal is going for a video replay.
7:01 of 2nd period - The goal is refused. The puck has been kicked using a distinct kicking motion..
7:02 of 2nd period - Sam Bennett wins face-off versus Ryan Bourque in Devils zone.
7:36 of 2nd period - Snap shot by Alan Quine.
7:36 of 2nd period - Shot Misses the Net.
7:38 of 2nd period - Slapshot by Brandon Carlo.
7:38 of 2nd period - Stopped by Pavel Francouz with a rebound.
7:40 of 2nd period - Snap shot by Alan Quine.
7:40 of 2nd period - Shot Misses the Net.
7:56 of 2nd period - Slapshot by Darren Dietz.
7:56 of 2nd period - Shot Blocked by Garret Ross.
8:00 of 2nd period - Snap shot by Jonny Brodzinski.
8:00 of 2nd period - Shot Misses the Net.
8:02 of 2nd period - Slapshot by Darren Dietz.
8:02 of 2nd period - Deflect By Brett Howden.
8:02 of 2nd period - Stopped by Pavel Francouz with a rebound.
8:04 of 2nd period - Slapshot by Darren Dietz.
8:04 of 2nd period - Stopped by Pavel Francouz with a rebound.
9:45 of 2nd period - Snap shot by Brad Ross.
9:45 of 2nd period - Shot Blocked by Christian Wolanin.
10:16 of 2nd period - Wrist shot by Garret Ross.
10:16 of 2nd period - Stopped by Juuse Saros with a rebound.
10:32 of 2nd period - Valeri Nichushkin is hit by Scott Glennie and loses puck.
10:48 of 2nd period - Icing by Valeri Nichushkin.
10:49 of 2nd period - Reid Boucher wins face-off versus Josh Archibald in Devils zone.
11:20 of 2nd period - Snap shot by Brett Seney.
11:20 of 2nd period - Shot Misses the Net.
11:22 of 2nd period - Wrist shot by Brett Seney.
11:22 of 2nd period - Stopped by Pavel Francouz without a rebound.
11:23 of 2nd period - Ryan Bourque wins face-off versus Sam Bennett in Sound Tigers zone.
11:38 of 2nd period - Snap shot by Sven Baertschi.
11:38 of 2nd period - Shot Blocked by Alexander Yelesin.
11:48 of 2nd period - Valeri Nichushkin is hit by Rhett Gardner.
11:54 of 2nd period - Wrist shot by Garret Ross.
11:54 of 2nd period - Stopped by Juuse Saros without a rebound.
11:55 of 2nd period - Rhett Gardner wins face-off versus Sam Bennett in Devils zone.
12:06 of 2nd period - Slapshot by Logan Shaw.
12:06 of 2nd period - Shot Blocked by Gabriel Carlsson.
12:08 of 2nd period - Backhand shot by Logan Shaw.
12:08 of 2nd period - Shot Misses the Net.
12:10 of 2nd period - Wrist shot by Logan Shaw.
12:10 of 2nd period - Deflect By Sven Baertschi.
12:10 of 2nd period - Shot Misses the Net.
12:10 of 2nd period - Puck is out of play.
12:11 of 2nd period - Ryan Bourque wins face-off versus Alan Quine in Sound Tigers zone.
12:33 of 2nd period - Minor Penalty to Borna Rendulic for High sticking.
12:34 of 2nd period - James Sheppard wins face-off versus Sam Bennett in Sound Tigers zone.
12:46 of 2nd period - Off-side.
12:47 of 2nd period - James Sheppard wins face-off versus Sam Bennett in neutral zone.
14:33 of 2nd period - Penalty to Borna Rendulic is over, Borna Rendulic is back on ice.
14:42 of 2nd period - Brett Seney is hit by Tyrell Goulbourne and loses puck.
14:59 of 2nd period - Jake Bean is hit by Brad Ross and loses puck.
15:46 of 2nd period - Minor Penalty to Joonas Donskoi for Roughing.
15:47 of 2nd period - Borna Rendulic wins face-off versus Sam Bennett in Devils zone.
15:52 of 2nd period - Wrist shot by Ryan Bourque.
15:52 of 2nd period - Shot Misses the Net.
15:54 of 2nd period - Slapshot by Dylan McIlrath.
15:54 of 2nd period - Shot Blocked by Ben Hutton.
15:56 of 2nd period - Slapshot by Dylan McIlrath.
15:56 of 2nd period - Stopped by Juuse Saros with a rebound.
15:58 of 2nd period - Slapshot by Julian Melchiori.
15:58 of 2nd period - Stopped by Juuse Saros with a rebound.
16:00 of 2nd period - Slapshot by Julian Melchiori.
16:00 of 2nd period - Shot Misses the Net.
16:14 of 2nd period - Sam Bennett is hit by Julian Melchiori.
16:30 of 2nd period - Snap shot by Alan Quine.
16:30 of 2nd period - Goal by Alan Quine - Sound Tigers : 3 - Devils : 2.
16:31 of 2nd period - Borna Rendulic wins face-off versus Sam Bennett in neutral zone.
17:00 of 2nd period - Snap shot by Julian Melchiori.
17:00 of 2nd period - Stopped by Juuse Saros with a rebound.
17:46 of 2nd period - Penalty to Joonas Donskoi is over, Joonas Donskoi is back on ice.
17:57 of 2nd period - Snap shot by Pavel Kraskovsky.
17:57 of 2nd period - Shot Blocked by Brandon Carlo.
18:14 of 2nd period - Slapshot by Jonny Brodzinski.
18:14 of 2nd period - Stopped by Pavel Francouz with a rebound.
18:24 of 2nd period - Snap shot by Brad Ross.
18:24 of 2nd period - Goal by Brad Ross - Sound Tigers : 4 - Devils : 2.
18:25 of 2nd period - Sam Bennett wins face-off versus Ryan Bourque in neutral zone.
18:32 of 2nd period - Snap shot by Sam Bennett.
18:32 of 2nd period - Shot Misses the Net.
18:34 of 2nd period - Wrist shot by Logan Shaw.
18:34 of 2nd period - Shot Misses the Net.
18:36 of 2nd period - Backhand shot by Logan Shaw.
18:36 of 2nd period - Goal by Logan Shaw - Sound Tigers : 4 - Devils : 3.
18:37 of 2nd period - Sam Bennett wins face-off versus Ryan Bourque in neutral zone.
18:40 of 2nd period - Slapshot by Ben Hutton.
18:40 of 2nd period - Stopped by Pavel Francouz without a rebound.
18:41 of 2nd period - Sam Bennett wins face-off versus Ryan Bourque in Sound Tigers zone.
19:13 of 2nd period - Icing by Brandon Carlo.
19:14 of 2nd period - Alan Quine wins face-off versus Rhett Gardner in Devils zone.
19:20 of 2nd period - Ben Hutton is hit by Garret Ross.
19:32 of 2nd period - Rhett Gardner is hit by Valeri Nichushkin and loses puck.
19:45 of 2nd period - Wrist shot by Alan Quine.
19:45 of 2nd period - Stopped by Pavel Francouz without a rebound.
19:46 of 2nd period - Sam Bennett wins face-off versus Ryan Bourque in Sound Tigers zone.
19:47 of 2nd period - Slapshot by Logan Shaw.
19:47 of 2nd period - Shot Misses the Net.
19:49 of 2nd period - Snap shot by Logan Shaw.
19:49 of 2nd period - Shot Misses the Net.
19:51 of 2nd period - Snap shot by Sven Baertschi.
19:51 of 2nd period - Stopped by Pavel Francouz without a rebound.
19:52 of 2nd period - Ryan Bourque wins face-off versus Logan Shaw in Sound Tigers zone.
Goals for this period are 2 for Sound Tigers vs 2 for Devils.
Shots for this period are 11 for Sound Tigers vs 15 for Devils.
3rd period
0:01 of 3rd period - Sven Baertschi wins face-off versus Ryan Bourque in neutral zone.
0:04 of 3rd period - Snap shot by Logan Shaw.
0:04 of 3rd period - Stopped by Pavel Francouz with a rebound.
0:06 of 3rd period - Slapshot by Darren Dietz.
0:06 of 3rd period - Deflect By Sven Baertschi.
0:06 of 3rd period - Stopped by Pavel Francouz with a rebound.
0:16 of 3rd period - Wrist shot by Borna Rendulic.
0:16 of 3rd period - Stopped by Juuse Saros with a rebound.
0:39 of 3rd period - Off-side.
0:40 of 3rd period - Rhett Gardner wins face-off versus Alan Quine in neutral zone.
0:51 of 3rd period - Snap shot by James Livingstone.
0:51 of 3rd period - Deflect By Garret Ross.
0:51 of 3rd period - Shot Misses the Net.
0:51 of 3rd period - Puck is out of play.
0:52 of 3rd period - Joonas Donskoi wins face-off versus Ryan Bourque in Devils zone.
0:52 of 3rd period - Joonas Donskoi is hit by Julian Melchiori.
1:00 of 3rd period - Backhand shot by Julian Melchiori.
1:00 of 3rd period - Shot Blocked by Darren Dietz.
1:23 of 3rd period - Logan Shaw is hit by Slater Koekkoek and loses puck.
1:36 of 3rd period - Slapshot by Garret Ross.
1:36 of 3rd period - Stopped by Juuse Saros with a rebound.
1:59 of 3rd period - Snap shot by Sam Bennett.
1:59 of 3rd period - Stopped by Pavel Francouz without a rebound.
2:00 of 3rd period - Alan Quine wins face-off versus Ryan Bourque in Sound Tigers zone.
2:34 of 3rd period - Conor Garland is hit by Garret Ross and loses puck.
3:27 of 3rd period - Valeri Nichushkin is hit by James Sheppard and loses puck.
3:36 of 3rd period - Backhand shot by Borna Rendulic.
3:36 of 3rd period - Shot Misses the Net.
3:38 of 3rd period - Snap shot by Ryan Bourque.
3:38 of 3rd period - Shot Misses the Net.
4:14 of 3rd period - Dalton Thrower is hit by Pavel Kraskovsky and loses puck.
4:53 of 3rd period - Off-side.
4:54 of 3rd period - Ben Johnson wins face-off versus Alan Quine in neutral zone.
4:58 of 3rd period - Slapshot by Dylan McIlrath.
4:58 of 3rd period - Shot Blocked by Ilya Lyubushkin.
5:00 of 3rd period - Slapshot by Julian Melchiori.
5:00 of 3rd period - Stopped by Juuse Saros without a rebound.
5:00 of 3rd period - Minor Penalty to Juuse Saros for Slashing.
5:01 of 3rd period - Ryan Bourque wins face-off versus Sam Bennett in Devils zone.
5:13 of 3rd period - Off-side.
5:14 of 3rd period - Sam Bennett wins face-off versus Ryan Bourque in neutral zone.
5:28 of 3rd period - Snap shot by Ryan Bourque.
5:28 of 3rd period - Stopped by Juuse Saros with a rebound.
5:30 of 3rd period - Wrist shot by Borna Rendulic.
5:30 of 3rd period - Shot Misses the Net.
7:00 of 3rd period - Penalty to Alan Quine is over, Alan Quine is back on ice.
7:17 of 3rd period - Slapshot by Logan Shaw.
7:17 of 3rd period - Shot Misses the Net.
7:37 of 3rd period - Snap shot by Jonny Brodzinski.
7:37 of 3rd period - Shot Blocked by Casey Staum.
7:39 of 3rd period - Slapshot by Brett Howden.
7:39 of 3rd period - Shot Misses the Net.
7:41 of 3rd period - Snap shot by Brandon Carlo.
7:41 of 3rd period - Shot Blocked by Alexander Yelesin.
8:13 of 3rd period - Wrist shot by Pavel Kraskovsky.
8:13 of 3rd period - Stopped by Juuse Saros without a rebound.
8:14 of 3rd period - Brett Howden wins face-off versus Pavel Kraskovsky in Devils zone.
8:53 of 3rd period - Josh Archibald is hit by Robbie Russo and loses puck.
9:33 of 3rd period - Tyrell Goulbourne is hit by Brett Seney and loses puck.
9:52 of 3rd period - Off-side.
9:53 of 3rd period - Brett Howden wins face-off versus Ryan Bourque in neutral zone.
10:25 of 3rd period - Valeri Nichushkin is hit by James Sheppard and loses puck.
10:30 of 3rd period - Wrist shot by James Sheppard.
10:30 of 3rd period - Stopped by Juuse Saros without a rebound.
10:31 of 3rd period - Sam Bennett wins face-off versus Rhett Gardner in Devils zone.
10:33 of 3rd period - Icing by Logan Shaw.
10:34 of 3rd period - Sam Bennett wins face-off versus Rhett Gardner in Devils zone.
11:27 of 3rd period - Wrist shot by Ben Johnson.
11:27 of 3rd period - Shot Misses the Net.
12:12 of 3rd period - Wrist shot by Alan Quine.
12:12 of 3rd period - Shot Misses the Net.
12:33 of 3rd period - Wrist shot by Logan Shaw.
12:33 of 3rd period - Stopped by Pavel Francouz with a rebound.
12:35 of 3rd period - Slapshot by Sven Baertschi.
12:35 of 3rd period - Stopped by Pavel Francouz with a rebound.
12:37 of 3rd period - Slapshot by Brandon Carlo.
12:37 of 3rd period - Shot Blocked by Ryan Bourque.
12:57 of 3rd period - Snap shot by Josh Archibald.
12:57 of 3rd period - Shot Blocked by Brett Seney.
13:13 of 3rd period - Wrist shot by James Livingstone.
13:13 of 3rd period - Deflect By Garret Ross.
13:13 of 3rd period - Shot Misses the Net.
13:13 of 3rd period - Puck is out of play.
13:14 of 3rd period - Rhett Gardner wins face-off versus Sam Bennett in Devils zone.
13:15 of 3rd period - Snap shot by Garret Ross.
13:15 of 3rd period - Shot Misses the Net.
13:45 of 3rd period - Snap shot by Brett Howden.
13:45 of 3rd period - Shot Misses the Net.
14:19 of 3rd period - Slapshot by James Livingstone.
14:19 of 3rd period - Shot Blocked by Sam Bennett.
14:28 of 3rd period - Icing by Logan Shaw.
14:29 of 3rd period - Sven Baertschi wins face-off versus Ryan Bourque in Devils zone.
14:55 of 3rd period - Slapshot by Sam Bennett.
14:55 of 3rd period - Stopped by Pavel Francouz without a rebound.
14:56 of 3rd period - Pavel Kraskovsky wins face-off versus Alan Quine in Sound Tigers zone.
15:07 of 3rd period - Slapshot by Alan Quine.
15:07 of 3rd period - Stopped by Pavel Francouz with a rebound.
15:21 of 3rd period - Casey Staum is hit by Ben Hutton and loses puck.
15:30 of 3rd period - Snap shot by Brett Seney.
15:30 of 3rd period - Stopped by Pavel Francouz with a rebound.
15:50 of 3rd period - Wrist shot by Sven Baertschi.
15:50 of 3rd period - Stopped by Pavel Francouz with a rebound.
16:05 of 3rd period - Icing by Slater Koekkoek.
16:06 of 3rd period - Rhett Gardner wins face-off versus Reid Boucher in Sound Tigers zone.
16:06 of 3rd period - Rhett Gardner is hit by Reid Boucher.
16:24 of 3rd period - Snap shot by Sam Bennett.
16:24 of 3rd period - Goal by Sam Bennett - Sound Tigers : 4 - Devils : 4.
16:25 of 3rd period - Borna Rendulic wins face-off versus Sam Bennett in neutral zone.
16:35 of 3rd period - Icing by Ben Hutton.
16:36 of 3rd period - Pavel Kraskovsky wins face-off versus Sam Bennett in Devils zone.
16:37 of 3rd period - Wrist shot by Scott Glennie.
16:37 of 3rd period - Goal by Scott Glennie - Sound Tigers : 5 - Devils : 4.
16:38 of 3rd period - Pavel Kraskovsky wins face-off versus Sam Bennett in neutral zone.
16:40 of 3rd period - Off-side.
16:41 of 3rd period - Pavel Kraskovsky wins face-off versus Logan Shaw in neutral zone.
17:10 of 3rd period - Snap shot by Reid Boucher.
17:10 of 3rd period - Deflect By Julian Melchiori.
17:10 of 3rd period - Stopped by Pavel Francouz with a rebound.
17:26 of 3rd period - Valeri Nichushkin is hit by Slater Koekkoek and loses puck.
17:31 of 3rd period - Wrist shot by Garret Ross.
17:31 of 3rd period - Stopped by Juuse Saros with a rebound.
18:28 of 3rd period - Icing by Reid Boucher.
18:29 of 3rd period - Reid Boucher wins face-off versus Rhett Gardner in Devils zone.
18:33 of 3rd period - Ben Hutton is hit by Garret Ross and loses puck.
18:54 of 3rd period - Devils, Juuse Saros is pulled from the net.
19:02 of 3rd period - Snap shot by Sam Bennett.
19:02 of 3rd period - Stopped by Pavel Francouz with a rebound.
19:12 of 3rd period - Ben Hutton is hit by Ryan Bourque and loses puck.
19:21 of 3rd period - Snap shot by Ryan Bourque.
19:21 of 3rd period - Shot Misses the Net.
19:23 of 3rd period - Slapshot by Julian Melchiori.
19:23 of 3rd period - Goal by Julian Melchiori - Sound Tigers : 6 - Devils : 4.
19:23 of 3rd period - Juuse Saros from Devils was sent back in the game.
19:24 of 3rd period - Reid Boucher wins face-off versus Pavel Kraskovsky in neutral zone.
19:35 of 3rd period - Snap shot by Reid Boucher.
19:35 of 3rd period - Deflect By Tyrell Goulbourne.
19:35 of 3rd period - Stopped by Pavel Francouz with a rebound.
19:37 of 3rd period - Backhand shot by Conor Garland.
19:37 of 3rd period - Deflect By Brett Seney.
19:37 of 3rd period - Shot Misses the Net.
19:37 of 3rd period - Puck is out of play.
19:38 of 3rd period - Alan Quine wins face-off versus Rhett Gardner in Sound Tigers zone.
19:43 of 3rd period - Snap shot by Joonas Donskoi.
19:43 of 3rd period - Stopped by Pavel Francouz with a rebound.
19:45 of 3rd period - Snap shot by Valeri Nichushkin.
19:45 of 3rd period - Stopped by Pavel Francouz with a rebound.
Goals for this period are 2 for Sound Tigers vs 1 for Devils.
Shots for this period are 9 for Sound Tigers vs 15 for Devils.
Output by the SimonT Hockey Simulator (STHS) for Francois Prevost